 Dungeon Crawl Stone Soup version 0.28-a0-1038-g9c4cb8273d (webtiles) character file.

Game seed: 13517426542233207032

981 croobank the Magician (level 8, -3/54 HPs)
             Began as an Octopode Earth Elementalist on Dec 8, 2021.
             Was an Initiate of Qazlal.
             Slain by Pikel (7 damage)
             ... on level 6 of the Dungeon.
             The game lasted 00:31:15 (5725 turns).

croobank the Magician (Octopode Earth Elementalist) Turns: 5725, Time: 00:31:15

Health: -3/54      AC:  1    Str: 15    XL:     8   Next: 17%
Magic:  8/14       EV: 13    Int: 17    God:    Qazlal [......]
Gold:   150        SH:  0    Dex: 13    Spells: 5/15 levels left

rFire   . . .      SeeInvis .   v - +1 dagger (drain)
rCold   . . .      Faith    .   (no shield)
rNeg    . . .      Spirit   .   (helmet restricted)
rPois   .          Reflect  .   w - amulet of the acrobat
rElec   .          Harm     .   i - ring of resist corrosion
rCorr   +          Rampage  .   t - +6 ring of strength
Will    .....                   d - ring of wizardry
Stlth   +++.......              B - ring of flight
HPRegen 0.18/turn               (no ring)
MPRegen 0.14/turn               (no ring)
                                (no ring)
                                (no ring)

@: flying
A: almost no armour, amphibious, 8 rings, camouflage 1, gelatinous body 1,
(nimble swimmer 1), tentacles
a: Renounce Religion


You were on level 6 of the Dungeon.
You worshipped Qazlal.
Qazlal was noncommittal.
You visited 1 branch of the dungeon, and saw 6 of its levels.

You collected 198 gold pieces.
You spent 48 gold pieces at shops.

Inventory:

Hand Weapons
 c - a +0 mace
 g - a +0 trident
 j - a +1 short sword of flaming
 v - a +1 dagger of draining (weapon)
 C - a +0 hand crossbow
Missiles
 b - 123 stones
 f - 18 sling bullets
 k - 114 arrows
 y - 7 poisoned darts
 z - 45 bolts
 A - 2 throwing nets
Magical Staves
 h - a staff of poison
 q - a staff of cold
Jewellery
 d - a ring of wizardry (on tentacle)
 i - a ring of resist corrosion (left tentacle)
 t - a +6 ring of strength (right tentacle)
 w - an amulet of the acrobat (around mantle)
 B - a ring of flight (on tentacle)
Wands
 s - a wand of flame (8)
Scrolls
 a - a scroll of immolation {unknown}
 e - a scroll of fog
 n - a scroll of silence
 o - a scroll of amnesia
 p - a scroll of enchant weapon {unknown}
 r - 4 scrolls of teleportation
 u - a scroll of blinking {unknown}
Potions
 l - a potion of haste
 m - a potion of curing
 x - a potion of flight {unknown}


   Skills:
 * Level 3.8 Fighting
 + Level 3.9 Short Blades
 - Level 2.3 Dodging
 - Level 3.4 Stealth
 - Level 4.1 Spellcasting
 - Level 3.0 Hexes
 - Level 1.0 Transmutations
 - Level 2.9 Ice Magic
 - Level 3.9 Earth Magic
 - Level 1.0 Poison Magic


You had 5 spell levels left.
You knew the following spells:

 Your Spells              Type           Power      Damage    Failure   Level
a - Sandblast             Erth           34%        2d9       1%          1
b - Ensorcelled Hibernat  Hex/Ice        26%        N/A       2%          2
c - Stone Arrow           Conj/Erth      20%        3d8       9%          3
d - Petrify               Tmut/Erth      11%        N/A       22%         4

Your spell library contained the following spells:

 Spells                   Type           Power      Damage    Failure   Level
 Passwall                 Tmut/Erth      9%         N/A       3%          2
 Tukima's Dance           Hex            13%        N/A       6%          3
 Gell's Gravitas          Tloc           3%         N/A       19%         3
 Lesser Beckoning         Tloc           3%         N/A       19%         3
 Teleport Other           Tloc           3%         N/A       19%         3
 Passage of Golubria      Tloc           3%         N/A       50%         4
 Yara's Violent Unravell  Hex/Tmut       5%         3d4       56%         5


Dungeon Overview and Level Annotations

Branches:
Dungeon (6/15)             Temple (0/1) D:4

Altars:
Qazlal

Shops:
D:1 [(   D:4 ?

Annotations:
D:6 Pikel


Innate Abilities, Weirdness & Mutations

You cannot wear most types of armour.
You are amphibious.
You can wear up to eight rings at the same time.
Your skin changes colour to match your surroundings (Stealth+).
Your rubbery body absorbs attacks. (AC +1, EV +1)
((You are camouflaged near water. (Stealth+)))
You have tentacles for arms and can constrict up to eight enemies at once.


Message History

You constrict Pikel. The lemure barely misses you.
A lemure comes into view.
Pikel hits you with a +0 whip of flaming!
Pikel burns you.
You feel better.
You constrict Pikel. The lemure barely misses you.
The lemure closely misses you.
Pikel hits you with a +0 whip of flaming.
Pikel burns you.
You hit Pikel. You drain Pikel. You squeeze Pikel.
Pikel is severely wounded.
You constrict Pikel, but do no damage. The lemure barely misses you. x2
Pikel says, "Hell isn't that bad."
Pikel hits you with a +0 whip of flaming.
Pikel burns you.
You hit Pikel but do no damage. You drain Pikel.
Pikel is severely wounded.
You constrict Pikel. The lemure barely misses you. The lemure hits you.
You hit Pikel but do no damage.
Pikel is almost dead.
You constrict Pikel.
Pikel hits you with a +0 whip of flaming.
* * * LOW HITPOINT WARNING * * *
Pikel burns you.
* * * LOW HITPOINT WARNING * * *
The lemure hits you!
* * * LOW HITPOINT WARNING * * *
Okay, then.
Casting: Stone Arrow (dangerous; 9% risk of failure)
Confirm with . or Enter, or press ? or * to list all spells.
You don't know that spell.
Casting: Stone Arrow (dangerous; 9% risk of failure)
Confirm with . or Enter, or press ? or * to list all spells.
Aiming: Stone Arrow (dangerous; 9% risk of failure)
Press: ? - help, Shift-Dir - straight line, f/p - Pikel
Aim: Pikel, wielding a +0 whip of flaming and wearing a +0 robe (almost dead, constricted by you, heavily drained, 100% to hit)
The stone arrow hits Pikel.
Pikel is almost dead.
You constrict Pikel. The lemure closely misses you.
Pikel hits you with a +0 whip of flaming!
You die...

.. #.# #5....##.#
.K ......#
#5..#.##.#
#:.......# #.
#.##.# #. #5##.#
#+# #.###5##.#
####.# #.SK@5.>.#
...#.#
########.####
#.#.## ##...## #.#
#....###.###.###.#
##....)#.#####.##.#
..................#
##.#.###.#####.####
# #.# ##.# #.## #.#
#...#


You could see Pikel (drained), 3 lemures and an adder.

Vanquished Creatures
  Duvessa (D:4)
  2 black bears
  A bullfrog (D:4)
  A wyvern zombie (D:5)
  2 scorpions
  Dowan (D:4)
  A howler monkey (D:6)
  A hound (D:4)
  An orc priest (D:3)
  2 orc wizards (D:3)
  2 iguanas
  A hound skeleton (D:5)
  A howler monkey skeleton (D:4)
  4 gnolls
  5 adders
  A shadow imp (D:5)
  A white imp (D:5)
  2 ufetubi
  13 orcs
  8 ball pythons
  3 endoplasms
  2 giant cockroaches
  5 goblins
  4 hobgoblins
  9 kobolds
  3 quokkas
  9 bats
  2 frilled lizards
  5 rats
93 creatures vanquished.

Notes
Turn   | Place    | Note
-------+----------+-------------------------------------------
     0 | D:1      | croobank the Octopode Earth Elementalist began the quest
                  | for the Orb.
     0 | D:1      | Reached XP level 1. HP: 11/11 MP: 3/3
    25 | D:1      | You fall into a shaft and drop 1 floor!
   155 | D:2      | Reached XP level 2. HP: 17/17 MP: 1/5
   544 | D:1      | Found Peuk's Armour Shop.
   700 | D:1      | Reached XP level 3. HP: 12/21 MP: 3/6
  1037 | D:1      | Found a faded altar of an unknown god.
  1120 | D:1      | Found Dolavosut's Weapon Shoppe.
  1998 | D:2      | Reached skill level 1 in Poison Magic
  2246 | D:3      | Reached XP level 4. HP: 27/27 MP: 5/7
  2597 | D:4      | Noticed Duvessa
  2623 | D:3      | Reached skill level 1 in Hexes
  2623 | D:3      | Reached skill level 1 in Ice Magic
  2623 | D:3      | Reached XP level 5. HP: 24/31 MP: 5/9
  2845 | D:3      | Reached skill level 3 in Spellcasting
  3319 | D:4      | Reached XP level 6. HP: 31/36 MP: 9/11
  3320 | D:4      | Found Piedicrucel's Magic Scroll Boutique.
  3364 | D:4      | Bought a scroll of identify for 24 gold pieces
  3364 | D:4      | Bought a scroll of identify for 24 gold pieces
  3378 | D:4      | Learned a level 2 spell: Ensorcelled Hibernation
  3379 | D:4      | Noticed Dowan
  3387 | D:4      | Killed Duvessa
  3392 | D:4      | Killed Dowan
  3591 | D:4      | Found a stormy altar of Qazlal.
  3600 | D:4      | Became a worshipper of Qazlal Stormbringer
  3681 | D:4      | Found a staircase to the Ecumenical Temple.
  3722 | D:4      | Learned a level 3 spell: Stone Arrow
  3726 | D:4      | Reached skill level 4 in Spellcasting
  3726 | D:4      | Reached XP level 7. HP: 34/41 MP: 11/13
  4103 | D:5      | Entered Level 5 of the Dungeon
  4114 | D:5      | Reached skill level 1 in Short Blades
  4289 | D:5      | HP: 2/42 [wyvern zombie (15)]
  4585 | D:5      | Reached skill level 1 in Fighting
  5516 | D:6      | Reached XP level 8. HP: 48/52 MP: 11/14
  5692 | D:6      | Noticed Pikel
  5699 | D:6      | Learned a level 4 spell: Petrify
  5725 | D:6      | Slain by Pikel

Illustrated notes

Levels and vault maps discovered:
D:1:      shiori_arrival_elements, layout_basic,
          hellmonk_ecumenical_altar_leap_of_faith, serial_shops, shop_statue,
          shop_fountains
D:2:      layout_basic, amcnicky_mini_corridor_feature,
          minmay_fractal_squares_gapless_5
D:3:      layout_rooms, st_stairs_8, hex_medium
D:4:      layout_cave_pools, mainiacjoe_overflow_surrounded_room,
          minmay_temple_entry_slanted, serial_shops, shop, uniq_duvessa
D:5:      layout_gridville
D:6:      layout_loops_corners, uniq_pikel

Skill      XL: |  1  2  3  4  5  6  7 |
---------------+----------------------+-----
Stealth        | 3 |  3.4
Poison Magic   | 1 |  1.0
Hexes          | 1 2 3 |  3.0
Ice Magic      | 1 2 |  2.9
Spellcasting   | 3 4 |  4.1
Short Blades   | 3 |  3.9
Fighting       | 3 |  3.8
Dodging        | |  2.3
Transmutations | |  1.0
Earth Magic    | |  3.9

Action                   |  1- 3 |  4- 6 |  7- 9 || total
-------------------------+-------+-------+-------++-------
Melee: Short sword       |    47 |    23 |       ||    70
       Constrict         |    11 |    14 |    13 ||    38
       Tentacles         |     6 |    17 |    11 ||    34
       Dagger            |       |    26 |    56 ||    82
Throw: Stone             |       |     1 |       ||     1
 Cast: Sandblast         |    27 |    10 |    17 ||    54
       Stone Arrow       |       |       |     2 ||     2
Evoke: Wand              |       |     1 |    14 ||    15
  Use: Scroll            |     3 |     6 |     1 ||    10
       Potion            |     2 |     2 |     3 ||     7
 Stab: Sleeping          |     6 |     3 |     6 ||    15
Armor: Skin              |     8 |     1 |     1 ||    10
Dodge: Dodged            |    56 |    36 |    29 ||   121

Table legend: (Time is in decaauts)
 A = Elapsed time spent in this place.
 B = Non-inter-level travel time spent in this place.
 C = Inter-level travel time spent in this place.
 D = Time resting spent in this place.
 E = Time spent auto-exploring this place.
 F = Levels seen in this place.
 G = Mean time per level.
                   A        B        C        D        E       F      G
               +--------+--------+--------+--------+--------+-----+--------+
         Total |   5686 |   5571 |    115 |   1274 |   3015 |   6 |  947.7 |
       Dungeon |   5686 |   5571 |    115 |   1274 |   3015 |   6 |  947.7 |
               +--------+--------+--------+--------+--------+-----+--------+

Top non-repeatable levels by time:
     D:1: 1201 daAuts
     D:5: 1096 daAuts
     D:4: 1086 daAuts
     D:3: 1055 daAuts
     D:2: 1000 daAuts
     D:6: 246 daAuts
